 Dungeon Crawl Stone Soup version 0.28.0 (webtiles) character file.

Game seed: 3610657265986229409

168322 freelancePsychic the Warrior (level 18, -2/141 HPs)
             Began as a Djinni Gladiator on Feb 10, 2022.
             Was the Champion of Cheibriados.
             Slain by an emperor scorpion (7 damage)
             ... on level 3 of the Spider Nest.
             The game lasted 01:25:47 (37480 turns).

freelancePsychic the Warrior (Djinni Gladiator)    Turns: 37480, Time: 01:25:48

Health: -2/141     AC:  1    Str: 28    XL:     18   Next: 58%
Gold:   540        EV: 24    Int: 32    God:    Cheibriados [******] SH: 17 Dex: 31

rFire   + + .      SeeInvis .   a - +4 demon blade (vamp)
rCold   + . .      Faith    .   V - +1 kite shield {rC+}
rNeg    . . .      Spirit   .   z - +0 troll leather armour
rPois   ∞          Reflect  .   A - +1 helmet
rElec   .          Harm     .   m - +1 cloak {rPois}
rCorr   .          Rampage  .   J - +0 pair of gloves
Will    ++...                   (boots unavailable)
Stlth   ++........              P - amulet of the acrobat
HPRegen 1.13/turn               u - ring of protection from cold
MPRegen 0.00/turn               T - ring of willpower

@: corroded, on berserk cooldown, flying, slowed, studying 2 skills, very slow
A: sickness immunity, fire resistance 2, cold vulnerability 1, float, innate
caster, HP casting, extra vitality 1, no potion heal 1
a: Renounce Religion, Bend Time, Temporal Distortion, Slouch, Step From Time


You were on level 3 of the Spider Nest.
You worshipped Cheibriados.
Cheibriados was exalted by your worship.
You visited 5 branches of the dungeon, and saw 27 of its levels.
You also visited: Gauntlet.

You collected 2357 gold pieces.
You spent 1817 gold pieces at shops.

Inventory:

Hand Weapons
 a - a +4 vampiric demon blade (weapon)
Missiles
 o - 7 throwing nets
Armour
 m - a +1 cloak of poison resistance (worn)
 s - a +2 ring mail of cold resistance
 z - a +0 troll leather armour (worn)
 A - a +1 helmet (worn)
 C - a +4 scale mail of willpower
 D - an orb of guile
 J - a +0 pair of gloves (worn)
 L - a +2 kite shield of fire resistance
 V - a +1 kite shield of cold resistance (worn)
Jewellery
 e - a +6 ring of strength
 f - a ring of protection from cold
 l - a +6 ring of strength
 q - an amulet of faith
 u - a ring of protection from cold (left hand)
 P - an amulet of the acrobat (around neck)
 Q - a ring of wizardry
 T - a ring of willpower (right hand)
 U - a ring of see invisible
Wands
 h - a wand of digging (6)
 k - a wand of iceblast (30)
 y - a wand of charming (8)
 E - a wand of polymorph (9)
 I - a wand of flame (56)
 M - a wand of acid (5)
 N - a wand of mindburst (13)
 Y - a wand of paralysis (4)
Scrolls
 b - 9 scrolls of fog
 g - 3 scrolls of silence
 j - 18 scrolls of identify {@r1}
 w - 4 scrolls of magic mapping
 H - a scroll of teleportation {@r4}
 R - a scroll of summoning
 S - a scroll of holy word
 X - a scroll of immolation
 Z - a scroll of enchant armour
Potions
 c - a potion of brilliance
 d - 4 potions of attraction
 i - 3 potions of flight
 n - 3 potions of mutation
 p - 2 potions of cancellation
 r - 3 potions of haste {@q3}
 t - 4 potions of heal wounds {@q2}
 v - 8 potions of lignification
 x - 3 potions of degeneration
 B - 7 potions of curing {@q1}
 F - 2 potions of ambrosia
 G - 2 potions of invisibility {unknown}
 K - 3 potions of berserk rage {unknown}
 O - a potion of might {unknown}
 W - a potion of resistance {unknown}


   Skills:
 + Level 16.9 Fighting
 - Level 4.1(9.0) Short Blades
 + Level 12.5(12.7) Long Blades
 - Level 1.5 Throwing
 - Level 2.4 Armour
 - Level 12.0 Dodging
 - Level 12.1 Shields
 * Level 14.8 Spellcasting
 - Level 5.8 Invocations


You had 14 spell levels left.
You knew the following spells:

 Your Spells              Type           Power      Damage    Failure   Level
a - Lightning Bolt        Conj/Air       43%        1d63      1%          5
b - Statue Form           Tmut/Erth      58%        N/A       1%          6
c - Inner Flame           Hex/Fire       87%        N/A       1%          3
d - Orb of Destruction    Conj           43%        9d12      8%          7
e - Teleport Other        Tloc           87%        N/A       1%          3
f - Shock                 Conj/Air       100%       1d9       0%          1
g - Scorch                Fire           100%       2d10      0%          2
h - Silence               Hex/Air        43%        N/A       1%          5
Your spell library was empty.

Dungeon Overview and Level Annotations

Branches:
Dungeon (15/15)            Temple (1/1) D:4            Lair (6/6) D:10
 Shoals (0/4) Lair:4       Spider (3/4) Lair:3        Slime (0/5) Lair:6
    Orc (2/2) D:12            Elf (0/3) Orc:2        Vaults (0/5) D:13
 Depths (0/4) D:15        Gauntlet (visited)

Altars:
Ashenzari
Cheibriados
Dithmenos
Elyvilon
Gozag
Hepliaklqana
Kikubaaqudgha
Makhleb
Nemelex Xobeh
Okawaru
Qazlal
Ru
Sif Muna
Trog
Uskayaw
Vehumet
Wu Jian
Xom
Yredelemnul
Zin
The Shining One
Jiyva

Shops:
D:4 *?   D:5 *   D:7 *   D:11 :[   Orc:2 =([*

Annotations:
D:2 exclusion: giant cockroach, Sigmund
D:14 exclusion: orange crystal statue
Lair:4 3 runed translucent doors, exclusion: downstairs, Murgh's ghost, journeyman MiBe


Innate Abilities, Weirdness & Mutations

You are immune to sickness and miasma.
You are immune to poison.
Your flesh is very heat resistant. (rF++)
You are vulnerable to cold. (rC-)
You float through the air rather than walking.
You learn spells naturally, not from books.
Your magical power is your life essence.
You have superior vitality. (+4 MHP)
Potions are less effective at restoring your health.


Message History

The meliai completely misses you. x2; The meliai hits you with a +0 hand axe.
The meliai misses you.
The entropy weaver gestures at you while chanting.
The entropic weave corrodes you! The meliai closely misses you.
The meliai misses you. You block the redback's attack.
The meliai invokes the aid of its god against you.
Something smites you!
* * * LOW HITPOINT WARNING * * *
You block the emperor scorpion's attack.
The emperor scorpion misses you.
The emperor scorpion completely misses you.
The redback misses you.
The meliai invokes the aid of its god against you.
Something smites you!
* * * LOW HITPOINT WARNING * * *
The meliai moves out of view.
Okay, then.
Activating: Slouch (12% risk of failure)
Press: ? - help, Dir - look around, f - activate You can feel time thicken for a moment.
You kill the meliai!
Cheibriados thoroughly appreciates the change of pace.
You kill the redback!
Cheibriados thoroughly appreciates the change of pace.
You kill the meliai!
Cheibriados thoroughly appreciates the change of pace.
You kill the redback!
Cheibriados thoroughly appreciates the change of pace.
You kill the culicivora!
Cheibriados thoroughly appreciates the change of pace.
The emperor scorpion stings you!
* * * LOW HITPOINT WARNING * * *
The emperor scorpion completely misses you.
You block the emperor scorpion's attack.
The entropy weaver casts a spell at you.
The entropic weave corrodes you!
The emperor scorpion completely misses you.
You block the emperor scorpion's attack.
The emperor scorpion claws you!
You die...

##.. #^†. #..^#
...w# ### ....## ###
##.## #>†B###
.^##..^## #†)..#
#^....^## #)s†.#
#......# #^@.^# ###
#......####...##.^..
#...<....##^)....#
#..†...>..#)..####
#.†.....#..^###
#<......##.##
#^......#.##
##.....^#. #....^#..


You could see an emperor scorpion, an entropy weaver and a torpor snail.

Vanquished Creatures
  Donald (Orc:2)
  3 emperor scorpions
  An orc warlord (Orc:2)
  2 ghost moths (Spider:2)
  4 broodmothers
  A stone giant (D:15)
  An entropy weaver (Spider:1)
  Azrael (Orc:2)
  4 spark wasps
  A minotaur (Gauntlet)
  Snorg (Lair:5)
  Josephine (Orc:2)
  3 jorogumos
  6 boulder beetles
  Harold (D:11)
  7 centaur warriors
  8 hydras
  12 two-headed ogres
  5 vault guards (D:13)
  A catoblepas (Lair:5)
  3 ogre magi
  3 radroaches (Spider:2)
  2 death scarabs (Spider:2)
  2 death knights
  4 death yaks
  5 tengu warriors
  2 thrashing horrors (Gauntlet)
  6 orc high priests
  A soul eater (Gauntlet)
  2 skeletal warriors
  5 pharaoh ants
  A goliath frog (Lair:6)
  5 orb spiders
  2 steelbarb worms (Spider:2)
  Pikel (D:5)
  A phantasmal warrior (D:15)
  3 deep elf pyromancers
  4 orc knights
  3 orc sorcerers
  An oklob plant (Lair:2)
  8 cyclopes
  25 ugly things
  12 wolf spiders
  4 manticores
  19 elephants
  2 moths of wrath
  Maurice (Orc:1)
  A merfolk siren (Lair:4)
  An ice statue (Lair:4)
  6 torpor snails
  3 gargoyles
  23 cane toads
  A kobold demonologist (D:8)
  A yaktaur (D:13)
  3 rime drakes
  2 freezing wraiths (D:15)
  8 komodo dragons
  An ice devil (Lair:4)
  9 demonic crawlers
  An unseen horror (D:11)
  A tengu conjurer (D:13)
  2 hornets
  6 trolls
  3 polar bears
  20 tarantellas
  9 meliai
  3 tyrant leeches (Lair:6)
  19 blink frogs
  14 slime creatures
  Prince Ribbit (D:5)
  4 dream sheep (Lair:6)
  A centaur simulacrum (D:15)
  27 jumping spiders
  A vampire (D:14)
  9 wyverns
  8 wraiths
  3 shadows
  4 small abominations (Gauntlet)
  6 basilisks
  12 culicivoras
  A human (D:13)
  58 yaks
  35 redbacks
  9 vampire mosquitoes
  Menkaure (D:5)
  3 fire elementals (Orc:2)
  A two-headed ogre zombie (D:12)
  A warg (Orc:2)
  5 acid dragons
  19 water moccasins
  Duvessa (D:7)
  4 hell hounds (Orc:2)
  21 orc warriors
  3 black bears
  12 ice beasts
  12 wolves
  9 ogres
  3 phantoms
  14 centaurs
  4 lemures
  3 kobold brigands
  16 bullfrogs
  2 gnoll sergeants
  A water moccasin zombie (D:5)
  A wyvern zombie (D:8)
  3 scorpions
  2 water moccasin skeletons
  Dowan (D:7)
  2 troll zombies (D:12)
  5 killer bees
  4 wights (D:8)
  8 howler monkeys
  7 electric eels
  2 lava snakes (D:8)
  5 centaur zombies
  2 hounds (D:3)
  4 jellies
  4 gnoll shamans
  11 orc priests
  3 bullfrog skeletons
  Crazy Yiuf (D:5)
  2 centaur skeletons (D:7)
  Terence (D:2)
  Ijyb (D:5)
  2 iguanas
  14 orc wizards
  A killer bee zombie (D:7)
  5 ogre zombies (D:12)
  4 howler monkey zombies
  39 gnolls
  6 adders
  2 shadow imps (Gauntlet)
  6 white imps
  An adder skeleton (D:4)
  3 worms
  3 dart slugs
  57 orcs
  6 endoplasms
  4 giant cockroaches
  3 goblins
  6 hobgoblins
  16 jackals
  8 quokkas
  6 ball pythons
  10 bats
  3 frilled lizards
  A goblin skeleton (D:12)
  3 goblin zombies (D:12)
  3 hobgoblin zombies (D:12)
  10 kobolds
  5 orc skeletons (D:12)
  13 orc zombies (D:12)
  5 rats
956 creatures vanquished.

Vanquished Creatures (others)
  An orc warrior (Orc:2)
  An orc priest (Orc:2)
  An orc wizard (Orc:2)
  A bush (Lair:6)
  80 fungi
  148 plants
232 creatures vanquished.

Grand Total: 1188 creatures vanquished

Notes
Turn   | Place    | Note
-------+----------+-------------------------------------------
     0 | D:1      | freelancePsychic the Djinni Gladiator began the quest for
                  | the Orb.
     0 | D:1      | Reached XP level 1. HP: 18/18 MP: 0/0
    63 | D:1      | Reached XP level 2. HP: 10/23 MP: 0/0
   727 | D:1      | Reached XP level 3. HP: 28/28 MP: 0/0
   727 | D:1      | Learned a level 1 spell: Shock
  1693 | D:2      | Found a glowing silver altar of Zin.
  1694 | D:2      | Noticed Terence
  1901 | D:2      | Noticed Sigmund
  1934 | D:3      | Reached XP level 4. HP: 23/34 MP: 0/0
  2289 | D:3      | Reached skill level 3 in Fighting
  2289 | D:3      | Reached XP level 5. HP: 24/40 MP: 0/0
  2289 | D:3      | Learned a level 2 spell: Scorch
  2553 | D:3      | Reached skill level 1 in Spellcasting
  2828 | D:2      | Reached XP level 6. HP: 17/46 MP: 0/0
  3058 | D:2      | Killed Terence
  4094 | D:3      | Found a faded altar of an unknown god.
  5076 | D:3      | Reached XP level 7. HP: 42/50 MP: 0/0
  5076 | D:3      | Learned a level 3 spell: Teleport Other
  6387 | D:4      | Reached XP level 8. HP: 54/56 MP: 0/0
  6658 | D:4      | Reached skill level 5 in Spellcasting
  6882 | D:4      | Reached skill level 4 in Fighting
  7101 | D:4      | Found Fyaloof's Magic Scroll Shop.
  7158 | D:4      | Found a staircase to the Ecumenical Temple.
  7230 | Temple   | Entered the Ecumenical Temple
  7407 | D:4      | Found Dabufiely's Assorted Antiques.
  7415 | D:4      | Bought a scroll labelled LISA ROGEAN for 28 gold pieces
  7440 | D:5      | Entered Level 5 of the Dungeon
  7603 | D:5      | Found a runed translucent door.
  7604 | D:5      | Noticed Crazy Yiuf
  7637 | D:5      | Noticed Ijyb
  7639 | D:5      | Noticed Menkaure
  7932 | D:5      | Noticed Prince Ribbit
  8069 | D:5      | Killed Prince Ribbit
  8070 | D:5      | Reached skill level 5 in Fighting
  8613 | D:5      | Noticed Pikel
  8663 | D:5      | Reached XP level 9. HP: 55/65 MP: 0/0
  8663 | D:5      | Learned a level 3 spell: Inner Flame
  8768 | D:5      | Killed Menkaure
  8957 | D:5      | Reached skill level 6 in Fighting
  9108 | D:5      | Killed Ijyb
  9409 | D:5      | Killed Pikel
  9410 | D:5      | Reached skill level 7 in Fighting
  9684 | D:5      | You are sucked into a shaft and drop 1 floor!
  9715 | D:5      | Found a snail-covered altar of Cheibriados.
  9719 | D:5      | Became a worshipper of Cheibriados the Contemplative
  9731 | D:5      | Found a shimmering altar of Xom.
  9774 | D:5      | Found Ynemidux's Specific Store.
  9777 | D:5      | Found Vushowed's General Store.
  9786 | D:5      | Bought a scroll of teleportation for 33 gold pieces
  9865 | D:5      | Found an ornate altar of the Wu Jian Council.
 10026 | D:5      | Killed Crazy Yiuf
 10210 | D:6      | Reached XP level 10. HP: 45/76 MP: 0/0
 10212 | D:6      | Reached skill level 8 in Fighting
 11001 | D:6      | Reached * piety under Cheibriados
 11114 | D:6      | Found a hazy altar of Hepliaklqana.
 12147 | D:7      | Found Puerieto's Fire Supplies.
 12549 | D:7      | Reached skill level 9 in Fighting
 12699 | D:7      | Noticed Duvessa
 12699 | D:7      | Noticed Dowan
 12704 | D:7      | Killed Dowan
 13067 | D:8      | Noticed a two-headed ogre
 13090 | D:8      | Killed a two-headed ogre
 13091 | D:8      | Reached skill level 5 in Dodging
 13299 | D:8      | Reached ** piety under Cheibriados
 13531 | D:8      | Noticed a gargoyle
 13535 | D:8      | Killed a gargoyle
 13535 | D:8      | Noticed an eight-headed hydra
 13537 | D:8      | Noticed a cyclops
 13544 | D:8      | Killed an eight-headed hydra
 13545 | D:8      | Reached XP level 11. HP: 31/85 MP: 0/0
 13545 | D:8      | Learned a level 5 spell: Silence
 13593 | D:8      | Reached skill level 10 in Fighting
 13614 | D:8      | Noticed a brown ugly thing
 13647 | D:8      | Noticed an eight-headed hydra
 13649 | D:8      | Noticed a two-headed ogre
 13941 | D:8      | Killed a brown ugly thing
 14022 | D:8      | Killed a cyclops
 14043 | D:8      | Noticed a cyclops
 14049 | D:8      | Noticed a two-headed ogre
 14049 | D:8      | Killed a cyclops
 14057 | D:8      | Killed a two-headed ogre
 14407 | D:8      | Noticed a centaur warrior
 14418 | D:8      | Killed a centaur warrior
 14602 | D:8      | Noticed a death knight
 14926 | D:8      | Killed an eight-headed hydra
 14926 | D:8      | Reached *** piety under Cheibriados
 15068 | D:8      | HP: 3/86 [death knight (10)]
 15070 | D:8      | Killed a death knight
 15466 | D:8      | Reached skill level 11 in Fighting
 15715 | D:8      | Noticed a centaur warrior
 15718 | D:8      | Killed a centaur warrior
 15719 | D:8      | Reached XP level 12. HP: 76/94 MP: 0/0
 16020 | D:8      | Killed a two-headed ogre
 16595 | D:9      | Reached skill level 1 in Armour
 16890 | D:9      | Reached **** piety under Cheibriados
 16989 | D:9      | Noticed a two-headed ogre
 16994 | D:9      | Killed a two-headed ogre
 17176 | D:9      | Found a sparkling altar of Nemelex Xobeh.
 17263 | D:9      | Reached skill level 10 in Spellcasting
 17330 | D:9      | Found an opulent altar of Gozag.
 17421 | D:10     | Entered Level 10 of the Dungeon
 17550 | D:4      | Bought a scroll of acquirement for 676 gold pieces
 17550 | D:4      | Acquired a +1 vampiric demon blade
 17551 | D:4      | Acquired a manual of Fighting
 17556 | D:4      | Bought a scroll of teleportation for 39 gold pieces
 17556 | D:4      | Bought a scroll of identify for 26 gold pieces
 17754 | D:7      | Killed Duvessa
 18982 | D:9      | Reached skill level 1 in Long Blades
 19166 | D:10     | Found a staircase to the Lair.
 20056 | D:10     | Noticed a centaur warrior
 20059 | D:10     | Killed a centaur warrior
 20060 | D:10     | Reached skill level 12 in Fighting
 20060 | D:10     | Reached skill level 10 in Dodging
 20141 | D:10     | Noticed a two-headed ogre
 20146 | D:10     | Killed a two-headed ogre
 20146 | D:10     | Reached ***** piety under Cheibriados
 20360 | D:10     | Noticed a centaur warrior
 20367 | D:10     | Killed a centaur warrior
 20579 | D:10     | Noticed a skeletal warrior
 20582 | D:10     | Killed a skeletal warrior
 20583 | D:10     | Reached XP level 13. HP: 98/102 MP: 0/0
 20583 | D:10     | Learned a level 5 spell: Lightning Bolt
 20839 | D:11     | Noticed an eight-headed hydra
 20843 | D:11     | Killed an eight-headed hydra
 20978 | Lair:1   | Entered Level 1 of the Lair of Beasts
 20981 | Lair:1   | Reached skill level 13 in Fighting
 22268 | Lair:2   | Reached skill level 14 in Fighting
 22268 | Lair:2   | Reached skill level 5 in Long Blades
 22444 | Lair:2   | Identified the +4 trident of Starshine {holy, rC+}
 22539 | Lair:2   | Reached ****** piety under Cheibriados
 23064 | Lair:3   | Noticed a five-headed hydra
 23422 | Lair:3   | Killed a five-headed hydra
 23437 | Lair:3   | Reached XP level 14. HP: 69/112 MP: 0/0
 23512 | Lair:3   | Found a hole to the Spider Nest.
 23979 | D:7      | Bought a +1 kite shield of fire resistance for 231 gold
                  | pieces
 24120 | Lair:3   | Reached skill level 1 in Shields
 24686 | Lair:4   | Found a staircase to the Shoals.
 24871 | Lair:4   | Reached skill level 5 in Shields
 25064 | Lair:4   | Found a runed translucent gate.
 25066 | Lair:4   | Found a runed translucent gate.
 25067 | Lair:4   | Found a runed translucent gate.
 25069 | Lair:4   | Noticed a minotaur
 25071 | Lair:4   | Noticed Murgh's ghost (journeyman MiBe)
 25509 | Lair:5   | Noticed Snorg
 25518 | Lair:5   | Killed Snorg
 26194 | Lair:5   | You are sucked into a shaft and drop 1 floor!
 26194 | Lair:6   | Entered Level 6 of the Lair of Beasts
 26401 | Lair:6   | Reached XP level 15. HP: 79/118 MP: 0/0
 26401 | Lair:6   | Learned a level 6 spell: Statue Form
 26690 | Lair:6   | Identified the +2 great sword of Guilt {spect, +Blink
                  | Int+2}
 27038 | Lair:6   | Found a viscous altar of Jiyva.
 27038 | Lair:6   | Found a staircase to the Slime Pits.
 27207 | Lair:5   | Identified the +1 robe of the Sturgeon {*Slow +Blink rC+++
                  | Int-2}
 27499 | D:11     | Found Megezos's Armour Shop.
 27877 | D:11     | Found Suadwok's Book Emporium.
 28064 | D:11     | Noticed Harold
 28068 | D:11     | Killed Harold
 28547 | D:12     | Found a staircase to the Orcish Mines.
 28712 | D:12     | Reached skill level 10 in Shields
 29651 | D:13     | Gained mutation: Potions are less effective at restoring
                  | your health. [mutagenic glow]
 30028 | D:13     | Reached XP level 16. HP: 124/124 MP: 0/0
 30100 | D:13     | Found a gate to the Vaults.
 30681 | D:14     | Identified the +7 great sword of Starshine {flame, Int+3}
 30787 | D:14     | Identified the +8 spear of Patiet Dacs {vorpal, Dex+5}
 31208 | D:15     | Entered Level 15 of the Dungeon
 31254 | D:15     | Found a gate leading to a gauntlet.
 31263 | Gauntlet | Entered a Gauntlet
 31263 | Gauntlet | Found a transporter.
 31263 | Gauntlet | Found a transporter.
 31269 | Gauntlet | Found a transporter.
 31282 | Gauntlet | Found a transporter.
 31296 | Gauntlet | Found a large runed translucent door.
 31297 | Gauntlet | Found a large runed translucent door.
 31298 | Gauntlet | Found a large runed translucent door.
 31298 | Gauntlet | Found a large runed translucent door.
 31298 | Gauntlet | Found a large runed translucent door.
 31298 | Gauntlet | Found a large runed translucent door.
 31298 | Gauntlet | Found a large runed translucent door.
 31298 | Gauntlet | Found a large runed translucent door.
 31299 | Gauntlet | Found a runed translucent door.
 31299 | Gauntlet | Found a runed translucent gate.
 31300 | Gauntlet | Found a runed translucent gate.
 31300 | Gauntlet | Found a transporter.
 31300 | Gauntlet | Found a transporter.
 31300 | Gauntlet | Found a transporter.
 31303 | Gauntlet | Found a transporter.
 31303 | Gauntlet | Found a transporter.
 31311 | Gauntlet | Found a runed translucent door.
 31313 | Gauntlet | Found a runed translucent door.
 31315 | Gauntlet | Found a transporter.
 31336 | Gauntlet | Found a transporter.
 31343 | Gauntlet | Found a transporter.
 31358 | Gauntlet | Found a transporter.
 31370 | Gauntlet | Found a large runed translucent door.
 31371 | Gauntlet | Found a large runed translucent door.
 31372 | Gauntlet | Found a large runed translucent door.
 31372 | Gauntlet | Found a large runed translucent door.
 31372 | Gauntlet | Found a large runed translucent door.
 31372 | Gauntlet | Found a large runed translucent door.
 31373 | Gauntlet | Found a runed translucent gate.
 31373 | Gauntlet | Found a large runed translucent door.
 31373 | Gauntlet | Found a runed translucent door.
 31373 | Gauntlet | Found a large runed translucent door.
 31378 | Gauntlet | Found a transporter.
 31559 | Gauntlet | Identified the +0 hat of Courage {rElec Str+5 Dex-2}
 31581 | Gauntlet | Identified the +7 flail "Buckead" {holy, Int+4}
 31592 | Gauntlet | Reached skill level 10 in Long Blades
 31642 | D:15     | Reached skill level 1 in Invocations
 32030 | D:15     | Reached XP level 17. HP: 130/130 MP: 0/0
 32030 | D:15     | Learned a level 7 spell: Orb of Destruction
 32071 | D:15     | Found a staircase to the Depths.
 32365 | Orc:1    | Entered Level 1 of the Orcish Mines
 32637 | Orc:2    | Entered Level 2 of the Orcish Mines
 32685 | Orc:2    | Noticed Azrael
 32691 | Orc:2    | Killed Azrael
 32692 | Orc:2    | Reached skill level 5 in Invocations
 33066 | Orc:2    | Noticed Maurice
 33090 | Orc:1    | Killed Maurice
 33195 | Orc:2    | Noticed Donald
 33213 | Orc:2    | Killed Donald
 33265 | Orc:2    | Found Cudu's Antique Armour Boutique.
 33442 | Orc:2    | Found a staircase to the Elven Halls.
 33444 | Orc:2    | Noticed Josephine
 33459 | Orc:2    | Killed Josephine
 33601 | Orc:2    | Found Xupeniur's Jewellery Shop.
 33634 | Orc:2    | Found Emubboenil's Antique Weapon Shoppe.
 33751 | Orc:2    | Found Mel Pua's General Store.
 33915 | Orc:2    | Bought a fading plate armour for 784 gold pieces
 33915 | Orc:2    | Identified the +4 plate armour "Anugom" {SInv} (You bought
                  | it in a shop on level 2 of the Orcish Mines)
 34063 | Spider:1 | Entered Level 1 of the Spider Nest
 34208 | Spider:1 | Reached skill level 15 in Fighting
 35781 | Spider:2 | Reached XP level 18. HP: 139/139 MP: 0/0
 35883 | Spider:2 | Reached skill level 16 in Fighting
 37480 | Spider:3 | HP: 5/141 [emperor scorpion (17)]
 37480 | Spider:3 | Slain by an emperor scorpion

Illustrated notes

Levels and vault maps discovered:
D:1:      psy_arrival_terrarium, layout_basic
D:2:      layout_basic, basic_altar, minmay_mini_jars, uniq_sigmund,
          uniq_terence, uniq_robin
D:3:      lemuel_castle_with_subvaults [lemuel_castle_interior_carwin_3],
          layout_loops_cross, chequers_ecumenical_altar_lobes
D:4:      layout_cave_pools, minmay_temple_entry_fiery, serial_shops,
          nicolae_shop_overgrown_old_shop, nicolae_shop_hallway_plus
D:5:      layout_cave_pools, mainiacjoe_overflow_big_doors,
          nzn_wu_jian_council_hall, nicolae_specific_store,
          uniq_crazy_yiuf_cottage, uniq_prince_ribbit1, uniq_pikel,
          uniq_menkaure, uniq_ijyb
D:6:      layout_layer_cave, mainiacjoe_overflow_brackets, minivault_19
D:7:      layout_layer_cave, dk_vineyard_3, nicolae_shop_fire_sale
          [nicolae_sub_dead_trees], uniq_duvessa
D:8:      minmay_the_grid_plus_closed [minmay_the_grid_minigrid_large,
          minmay_the_grid_expand, minmay_the_grid_rooms,
          minmay_the_grid_minigrid_medium, minmay_the_grid_prize_four_corners],
          layout_loops_ring, minivault_22, minmay_misc_feat_enclosed,
          grunt_decor_junction
D:9:      layout_roguey, nemelex_spade_bored_becter, grunt_gozag_breadcrumbs
D:10:     layout_basic, minmay_lair_entry_grove, minmay_shattered_shrine
D:11:     layout_basic, serial_shops, shop, nicolae_shop_hallway_plus,
          uniq_harold
D:12:     layout_loops_ring, zombieorc2_lemuel
D:13:     layout_cave_pods, grunt_vaults_entry_fortified, minmay_orc_keep
D:14:     layout_rooms, minmay_protected_statue
D:15:     grunt_enter_depths_snipers, layout_rooms, gauntlet_entry_generic,
          minmay_misc_feat_rugged
Temple:   nicolae_temple_elliptical
Lair:1:   wad_woods_structure_01, layout_gridlike, serial_bayou_pond_c,
          serial_bayou_lake_a
Lair:2:   layout_regular_city, minmay_lair_oklob_items, grunt_megastairs_4
Lair:3:   layout_loops_ring, nicolae_spider_entry_orb_guardian
Lair:4:   layout_long_grid, minmay_shoals_entry_lonely_mermaid,
          maelrawn_ghost_gauntlet_escape, ice2_lemuel
Lair:5:   layout_loops_ring, grunt_megastairs_1, serial_bayou_shore_a,
          infiniplex_staircase_pool, uniq_snorg
Lair:6:   minmay_lair_end_frog_pond, layout_loops_ring,
          dpeg_slime_entry_enclosed_altar
Spider:1: layout_cave_pods, nicolae_spider_some_kinda_spiderbox
Spider:2: nicolae_spider_hilbert_zone_2 [nicolae_spider_hilbert_4_sides_1_open,
          nicolae_spider_hilbert_4_sides_1_open,
          nicolae_spider_hilbert_4_sides_1_open,
          nicolae_spider_hilbert_4_sides_1_open,
          nicolae_spider_hilbert_6_sides_1_open,
          nicolae_spider_hilbert_6_sides_1_open,
          nicolae_spider_hilbert_3_sides_1_open,
          nicolae_spider_hilbert_3_sides_1_open,
          nicolae_spider_hilbert_3_sides_1_open,
          nicolae_spider_hilbert_3_sides_1_open,
          nicolae_spider_hilbert_6_sides_1_open,
          nicolae_spider_hilbert_6_sides_1_open,
          nicolae_spider_hilbert_6_sides_1_open,
          nicolae_spider_hilbert_6_sides_1_open], hellmonk_spider_spawner
Spider:3: layout_cave_pods, nicolae_spider_undead_wolf_pack
Orc:1:    lemuel_ogre_cave, layout_diamond_mine, hellmonk_bongcloud_opening
Orc:2:    grunt_orc_gardens, layout_caves, grunt_orc_garden, grunt_orc_garden,
          grunt_orc_garden, grunt_orc_garden, uniq_erolcha, uniq_donald,
          uniq_josephine, uniq_maurice, uniq_azrael

Skill      XL: |  1  2  3  4  5  6  7  8  9 10 11 12 13 14 15 16 17 18 |
---------------+-------------------------------------------------------+-----
Short Blades   | 3 4 |  4.1
Dodging        | 4 6 8 10 11 12 | 12.0
Fighting       | 3 5 7 9 11 12 14 15 16 | 16.9
Spellcasting   | 1 3 4 5 7 8 9 10 11 12 13 14 | 14.8
Armour         | 2 |  2.4
Long Blades    | 4 5 7 9 10 11 12 | 12.5
Shields        | 7 10 12 | 12.1
Invocations    | 4 5 |  5.8
Throwing       | |  1.5

Action                   |  1- 3 |  4- 6 |  7- 9 | 10-12 | 13-15 | 16-18 || total
-------------------------+-------+-------+-------+-------+-------+-------++-------
Melee: Rapier            |   116 |   157 |     9 |    69 |       |       ||   351
       Punch             |     1 |     5 |       |     1 |       |       ||     7
       Demon blade       |       |       |       |    56 |   626 |  1010 ||  1692
Throw: Throwing net      |     3 |       |       |       |       |       ||     3
 Cast: Scorch            |       |    55 |   144 |   168 |     3 |       ||   370
       Teleport Other    |       |       |     3 |     8 |     3 |       ||    14
       Inner Flame       |       |       |    18 |   100 |    29 |    17 ||   164
       Shock             |       |       |       |     6 |       |       ||     6
       Lightning Bolt    |       |       |       |       |   316 |    71 ||   387
       Statue Form       |       |       |       |       |    21 |    49 ||    70
       Orb of Destructio |       |       |       |       |       |    88 ||    88
Invok: Slouch            |       |       |       |       |       |     4 ||     4
 Abil: End Transformatio |       |       |       |       |     2 |     1 ||     3
Evoke: Wand              |       |       |       |     5 |     3 |     3 ||    11
  Use: Scroll            |     2 |       |     8 |    20 |     5 |    11 ||    46
       Potion            |       |       |     5 |     4 |       |     8 ||    17
 Stab: Distracted        |       |       |       |       |     2 |     1 ||     3
       Sleeping          |       |       |       |       |       |     1 ||     1
Armor: Leather armour    |    60 |    43 |    16 |       |       |       ||   119
       Robe              |       |       |       |    20 |       |       ||    20
       Skin              |       |       |       |    10 |    65 |   569 ||   644
       Scale mail        |       |       |       |    41 |       |       ||    41
       Troll leather arm |       |       |       |     7 |    44 |    28 ||    79
Dodge: Dodged            |   118 |   108 |    55 |   284 |   731 |  2022 ||  3318
Block: Kite shield       |       |       |       |       |   604 |  1612 ||  2216
